 Dungeon Crawl Stone Soup version 0.29-a0-541-gaf1fc19f1b (webtiles) character file.

Game seed: 12369869004322081360

352 Sabo the Chopper (level 6, -2/56 HPs)
             Began as a Hill Orc Fighter on June 3, 2022.
             Was a Believer of Zin.
             Slain by Blork the orc
             ... wielding a +0 dire flail
              (6 damage)
             ... on level 4 of the Dungeon.
             The game lasted 00:18:55 (3231 turns).

Sabo the Chopper (Hill Orc Fighter)                 Turns: 3231, Time: 00:18:56

Health: -2/56      AC: 16    Str: 21    XL:     6   Next: 62%
Magic:  5/5        EV:  7    Int: 14    God:    Zin [**....]
Gold:   183        SH:  4    Dex: 10    Spells: 5/5 levels left

rFire   + . .      SeeInvis .   a - +0 war axe
rCold   + . .      Faith    .   c - +0 buckler
rNeg    . . .      Spirit   .   u - +0 chain mail
rPois   .          Reflect  .   h - +0 helmet
rElec   .          Harm     .   j - scarf {rC+ rF+}
rCorr   .          Rampage  .   (no gloves)
Will    .....                   z - +2 pair of boots
Stlth   ..........              (no amulet)
HPRegen 0.18/turn               t - +6 ring of intelligence
MPRegen 0.09/turn               (no ring)

@: mighty
A: iridescent scales 1, low MP 1, sense surroundings 1
a: Renounce Religion, Recite, Vitalisation, Donate Gold


You were on level 4 of the Dungeon.
You worshipped Zin.
Zin was pleased with you.
You visited 1 branch of the dungeon, and saw 4 of its levels.

You collected 203 gold pieces.
You donated 20 gold pieces to Zin.

Inventory:

Hand Weapons
 a - a +0 war axe (weapon)
 o - a +1 dagger of freezing
 r - a +2 hunting sling of freezing
Missiles
 f - 3 boomerangs (quivered)
 A - 3 poisoned darts
Armour
 c - a +0 buckler (worn)
 h - a +0 helmet (worn)
 j - a scarf of resistance (worn)
 u - a +0 chain mail (worn)
 z - a +2 pair of boots (worn)
Jewellery
 t - a +6 ring of intelligence (left hand)
Wands
 n - a wand of iceblast (11)
Scrolls
 b - a scroll of enchant weapon
 e - a scroll of fear
 i - a scroll of blinking
 k - a scroll of amnesia
 x - a scroll of brand weapon
 y - a scroll of poison {unknown}
Potions
 g - 2 potions of heal wounds {unknown}
 l - 3 potions of curing {unknown}
 m - a potion of lignification {unknown}
 p - a potion of magic {unknown}
 q - 2 potions of brilliance {unknown}
 s - a potion of haste {unknown}
 v - a potion of cancellation {unknown}
 w - a potion of mutation


   Skills:
 + Level 5.0 Fighting
 + Level 5.9 Axes
 + Level 4.8 Armour
 + Level 0.5 Dodging
 + Level 0.1 Stealth
 + Level 4.2 Shields


You had 5 spell levels left.
You didn't know any spells.
Your spell library contained the following spells:

 Spells                   Type           Power      Damage    Failure   Level
 Beastly Appendage        Tmut           0%         N/A       97%         1
 Wereblood                Tmut           0%         N/A       99%         2
 Spider Form              Tmut/Pois      0%         N/A       100%        3


Dungeon Overview and Level Annotations

Branches:
Dungeon (4/15)
 Temple: D:4-7

Altars:
Zin

Shops:
D:3 [

Annotations:
D:4 Blork the orc


Innate Abilities, Weirdness & Mutations

You are partially covered in iridescent scales. (AC +2)
Your magical capacity is low. (-10% MP)
You passively map a small area around you.


Message History

Blork the orc casts a spell at you.
The magic dart hits you but does no damage.
Blork the orc hits you with a +0 dire flail!
You closely miss Blork the orc.
Blork the orc is heavily wounded.
Blork the orc closely misses you.
Blork the orc hits you with a +0 dire flail!
You slash Blork the orc!
Blork the orc is almost dead.
Blork the orc gestures at you while chanting.
The magic dart hits you. Blork the orc closely misses you.
You barely miss Blork the orc.
Blork the orc is almost dead.
Blork the orc hits you but does no damage.
You barely miss Blork the orc.
Blork the orc is almost dead.
Blork the orc barely misses you.
Blork the orc points at you and mumbles some strange words.
The puff of flame hits you. You resist.
You barely miss Blork the orc.
Blork the orc is almost dead.
Blork the orc casts a spell at you.
The puff of frost hits you but does no damage.
Blork the orc casts a cantrip, but nothing happens.
You closely miss Blork the orc.
Blork the orc is almost dead.
Blork the orc hits you with a +0 dire flail.
Blork the orc points at you and mumbles some strange words.
The magic dart hits you.
* * * LOW HITPOINT WARNING * * *
You closely miss Blork the orc.
Blork the orc is almost dead.
Blork the orc hits you with a +0 dire flail!
* * * LOW HITPOINT WARNING * * *
Blork the orc hits you but does no damage.
You hit Blork the orc.
Blork the orc is almost dead.
Blork the orc barely misses you.
Blork the orc hits you with a +0 dire flail.
You die...

,, ** ,, *,,,,. * ,
*...... , .....$,
..... , * ****
#####...# , , ,
#.......# * , *
#.#...## * *
*#..####@#.?.(### *
*
.......o...........,
** ,
....#.##.....#.....,
..######††#####...#
#.o......†.##...#.#
,,
#.......[####.....#
, #....#..## #.....#
, , ....*#...#
#....# , ...
#...####<..#*


You could see Blork the orc (fast, resistant).

Vanquished Creatures
  A scorpion (D:4)
  A howler monkey (D:4)
  An orc priest (D:3)
  An iguana (D:2)
  Terence (D:2)
  Natasha (D:3)
  8 adders
  3 worms
  7 orcs (D:3)
  6 ball pythons
  A bat (D:2)
  5 endoplasms
  6 giant cockroaches
  2 hobgoblins (D:1)
  7 jackals (D:1)
  3 kobolds
  4 quokkas
  5 frilled lizards
  2 goblins
  5 rats
70 creatures vanquished.

Notes
Turn   | Place    | Note
-------+----------+-------------------------------------------
     0 | D:1      | Sabo the Hill Orc Fighter began the quest for the Orb.
     0 | D:1      | Reached XP level 1. HP: 19/19 MP: 1/1
   326 | D:1      | Reached XP level 2. HP: 27/27 MP: 2/2
   665 | D:1      | Reached XP level 3. HP: 31/33 MP: 3/3
  1224 | D:2      | Reached XP level 4. HP: 41/41 MP: 4/4
  1769 | D:2      | Noticed Terence
  1780 | D:2      | Killed Terence
  1983 | D:2      | Reached XP level 5. HP: 23/47 MP: 5/5
  2472 | D:2      | Gained mutation: You are partially covered in iridescent
                  | scales. (AC +2) [potion of mutation]
  2472 | D:2      | Gained mutation: Your magical capacity is low. (-10% MP)
                  | [potion of mutation]
  2472 | D:2      | Gained mutation: You passively map a small area around you.
                  | [potion of mutation]
  2475 | D:3      | Found a faded altar of an unknown god.
  2513 | D:3      | Prayed at the altar of an unknown god.
  2513 | D:3      | Became a worshipper of Zin the Law-Giver
  2513 | D:3      | Reached * piety under Zin
  2513 | D:3      | Reached ** piety under Zin
  2575 | D:3      | Reached skill level 5 in Axes
  2739 | D:3      | Found Ifrashy's Armour Shop.
  2821 | D:3      | Noticed Natasha
  2829 | D:3      | Killed Natasha
  2830 | D:3      | Reached XP level 6. HP: 37/55 MP: 5/5
  3178 | D:4      | Reached skill level 5 in Fighting
  3209 | D:4      | Noticed Blork the orc
  3231 | D:4      | Slain by Blork the orc

Illustrated notes

Levels and vault maps discovered:
D:1:      dreamdust_arrival_beginning_and_end, layout_loops_ring,
          grunt_decor_clamped, columned_hall_lemuel
D:2:      minmay_wonky_spiral, layout_loops_ring, uniq_terence
D:3:      layout_rooms, serial_shops, shop, ebering_ecumenical_altar_abandoned,
          st_stairs_7, uniq_natasha
D:4:      layout_cave_pools, old_standard_altar, uniq_crazy_yiuf_cottage,
          uniq_blork_the_orc

Skill      XL: |  1  2  3  4  5  6 |
---------------+-------------------+-----
Fighting       | 4 5 |  5.0
Axes           | 3 4 5 |  5.9
Shields        | 4 |  4.2
Armour         | 4 |  4.8
Dodging        | |  0.5
Stealth        | |  0.1

Action                   |  1- 3 |  4- 6 || total
-------------------------+-------+-------++-------
Melee: War axe           |    73 |   135 ||   208
  Use: Scroll            |       |     5 ||     5
       Potion            |       |     2 ||     2
Armor: Scale mail        |    60 |    21 ||    81
       Chain mail        |       |    56 ||    56
Dodge: Dodged            |    39 |    62 ||   101
Block: Buckler           |    10 |    33 ||    43

Table legend: (Time is in decaauts)
 A = Elapsed time spent in this place.
 B = Non-inter-level travel time spent in this place.
 C = Inter-level travel time spent in this place.
 D = Time resting spent in this place.
 E = Time spent auto-exploring this place.
 F = Levels seen in this place.
 G = Mean time per level.
                   A        B        C        D        E       F      G
               +--------+--------+--------+--------+--------+-----+--------+
         Total |   3298 |   3298 |      0 |    755 |      0 |   4 |  824.5 |
       Dungeon |   3298 |   3298 |      0 |    755 |      0 |   4 |  824.5 |
               +--------+--------+--------+--------+--------+-----+--------+

Top non-repeatable levels by time:
     D:2: 1384 daAuts
     D:1: 1137 daAuts
     D:3: 675 daAuts
     D:4: 101 daAuts
